 Dungeon Crawl Stone Soup version 0.30.0-20-g3615ddf2f0 (webtiles) character file.

Game seed: 2527931891712360402

76538 qw the Peltast (level 15, -8/94 HPs)
             Began as a Gargoyle Fighter on June 2, 2023.
             Was a High Priest of Okawaru.
             Killed from afar by an ice dragon (41 damage)
             ... with a blast of cold
             ... on level 15 of the Dungeon.
             The game lasted 00:11:05 (17870 turns).

qw the Peltast (Gargoyle Fighter)                  Turns: 17870, Time: 00:11:05

Health: -8/94      AC: 28    Str: 31    XL:     15   Next: 53%
Magic:  22/22      EV: 18    Int: 11    God:    Okawaru [*****.]
Gold:   1187       SH: 20    Dex:  9    Spells: 14/14 levels left

rFire   . . .        w - +1 broad axe (venom)
rCold   . . .        e - +0 tower shield {rPois}
rNeg    + . .        E - +1 robe of Vines {NoPotionHeal Regen++++}
rPois   inf          q - +2 helmet
rElec   +            t - +1 cloak
rCorr   .            n - +2 pair of gloves
SInv    .            u - +2 pair of boots
Will    +....        a - amulet of regeneration
Stlth   +++          r - +6 ring of strength
HPRegen 4.35/turn    c - +5 ring of evasion
MPRegen 0.18/turn

%: no passive effects
@: heroic, flying
A: sickness immunity, AC +11, big wings, negative energy resistance 1,
electricity resistance, torment resistance 1, petrification resistance
a: Renounce Religion, Heroism, Finesse, Duel


You were on level 15 of the Dungeon.
You worshipped Okawaru.
Okawaru was extremely pleased with you.
You visited 3 branches of the dungeon, and saw 21 of its levels.
You also visited: Gauntlet.

You collected 1299 gold pieces.
You spent 112 gold pieces at shops.


Innate Abilities, Weirdness & Mutations

You are immune to sickness and miasma.
Your stone body is resilient. (AC +11)
You are immune to poison.
Your large and strong wings let you fly.
You resist negative energy. (rN+)
You are resistant to electric shocks. (rElec)
You are resistant to unholy torment.
You are immune to petrification.


   Skills:
 - Level 11.0(16.0) Fighting
 + Level 14.9(19.9) Axes
 - Level 6.0(11.0) Throwing
 - Level 9.0(14.0) Armour
 - Level 3.0(8.0) Dodging
 - Level 16.0(21.0) Shields
 - Level 10.0 Invocations


You had 14 spell levels left.
You didn't know any spells.
Your spell library was empty.

Inventory:

Hand Weapons
 b - a +2 hand axe of flaming
 w - a +1 broad axe of venom (weapon)
Missiles
 l - 6 boomerangs
 y - 6 javelins
 D - 4 silver javelins (quivered)
Armour
 e - a +0 tower shield of poison resistance (worn)
 k - +0 acid dragon scales
 n - a +2 pair of gloves (worn)
 q - a +2 helmet (worn)
 t - a +1 cloak (worn)
 u - a +2 pair of boots (worn)
 E - the +1 robe of Vines (worn) {NoPotionHeal Regen++++}
   (You found it on level 13 of the Dungeon)

   NoPotionHeal: Its wearer cannot be healed by potions.
   Regen:     It increases your rate of health regeneration.
Jewellery
 a - an amulet of regeneration (around neck)
 c - a +5 ring of evasion (right hand)
 m - a ring of fire
 o - a ring of protection from cold
 r - a +6 ring of strength (left hand)
 v - a ring of protection from cold
 x - the amulet of Debroyh {Acrobat rF- Dex+7}
   (You found it on level 5 of the Lair of Beasts)

   [amulet of the acrobat]

   It increases your evasion while moving and waiting.
   Dex:       It affects your dexterity (+7).
   rF:        It makes you vulnerable to fire.
Scrolls
 g - 13 scrolls of identify
 h - 8 scrolls of teleportation
Potions
 d - 7 potions of might
 f - 4 potions of heal wounds
 i - 3 potions of attraction
 j - 7 potions of curing
 p - a potion of resistance
 s - 2 potions of haste
 z - a potion of magic
 A - a potion of cancellation
 B - a potion of lignification
 C - 3 potions of mutation

Dungeon Overview and Level Annotations

Branches:
Dungeon (15/15)            Temple (1/1) D:6            Lair (5/5) D:9
 Shoals (0/4) Lair:3       Spider (0/4) Lair:3        Slime (0/5) Lair:4
    Orc (0/2) D:9          Vaults (0/5) D:14        Gauntlet (visited)
 Depths: D:15

Altars:
Ashenzari
Cheibriados
Dithmenos
Elyvilon
Fedhas
Gozag
Hepliaklqana
Kikubaaqudgha
Makhleb
Nemelex Xobeh
Okawaru
Qazlal
Ru
Sif Muna
Trog
Uskayaw
Vehumet
Wu Jian
Xom
Yredelemnul
Zin
The Shining One
Jiyva

Shops:
D:3 [   D:6 (

Portals:
Trove: D:10 (give 5 scrolls of fear)

Annotations:
D:10 3 runed translucent doors, Hicwag's ghost, journeyman GrFi
Lair:4 1 runed translucent door


Message History

The orc knight looks as sick as possible!
You block the orc knight's attack. You block the boulder beetle's attack.
You hit the orc knight.
The orc knight looks as sick as possible!
The orc knight is severely wounded.
You hit the boulder beetle but do no damage.
The boulder beetle is poisoned.
You block the boulder beetle's attack. You block the orc knight's attack.
The deep elf pyromancer casts a spell at you.
The bolt of fire hits you!!
You slash the orc knight!
The orc knight looks as sick as possible!
The orc knight is almost dead.
You slash the boulder beetle!
The boulder beetle looks as sick as possible!
You slice the wolf spider!!
The wolf spider is poisoned.
You slash the ice dragon!
The ice dragon looks as sick as possible!
A red ugly thing comes into view.
The wolf spider hits you! You block the wolf spider's attack.
You slice the orc knight!!
You kill the orc knight!
Okawaru accepts your kill.
You slash the wolf spider!
The wolf spider looks even sicker.
You slice the ice dragon!!
You hit the boulder beetle but do no damage.
The boulder beetle looks as sick as possible!
You block the ice dragon's attack. x3; The wolf spider closely misses you. x2
A red ugly thing comes into view.
The boulder beetle misses you.
You closely miss the wolf spider.
The wolf spider is severely wounded.
You hit the boulder beetle but do no damage.
The boulder beetle looks as sick as possible!
You hit the ice dragon.
The sentinel's mark upon you fades away.
You block the wolf spider's attack. The wolf spider misses you.
The ice dragon breathes frost at you. The blast of cold hits you!!!
You die...

...................
........................
..............#.?....[u.
.....................u..
..###...................
.## #..............u....
..#
##...........D.......
..# #.......##.Bs.......
.<# ##......##.@D.......
### #.)....##.)).......
#.)))###...........
##...##............
#...........^.e...
#.................
#.................
...#######.....$....
.... ............


You could see 2 ice dragons, a boulder beetle (extremely poisoned), 3 ugly
things, a wolf spider (very poisoned) and a deep elf pyromancer.

Vanquished Creatures
  Gastronok (Lair:1)
  A thorn hunter (D:13)
  A minotaur (Gauntlet)
  An ice dragon (D:15)
  6 hydras
  2 catoblepae
  4 boulder beetles
  4 centaur warriors
  4 two-headed ogres
  9 death yaks
  A tengu warrior (D:14)
  Urug (D:10)
  4 skysharks
  A soul eater (Gauntlet)
  A fire crab (Lair:4)
  An oklob plant (Lair:2)
  An orc sorcerer (D:15)
  An orc knight (D:15)
  A deep elf pyromancer (D:12)
  A manticore (D:14)
  A wolf spider (Lair:3)
  9 ugly things
  3 cyclopes
  A moth of wrath (shapeshifter) (D:14)
  Joseph (D:10)
  A merfolk siren (Lair:3)
  2 black mambas
  Maggie (D:10)
  7 cane toads
  A cane toad (shapeshifter) (D:14)
  2 kobold demonologists (D:13)
  6 rime drakes
  2 efreet
  3 komodo dragons (Lair:3)
  A freezing wraith (D:14)
  3 yaktaurs (D:15)
  A tengu conjurer (D:14)
  8 polar bears (Lair:5)
  A queen bee (shapeshifter) (D:14)
  7 trolls
  A tyrant leech (Gauntlet)
  A blink frog (shapeshifter) (D:14)
  3 meliai (D:14)
  20 blink frogs
  6 hornets
  4 dream sheep
  Grinder (D:4)
  2 jumping spiders (Lair:3)
  A culicivora (Lair:3)
  12 slime creatures
  A shadow (D:8)
  15 spriggans (Lair:5)
  5 wyverns
  28 yaks
  A wraith (D:12)
  Eustachio (D:4)
  4 basilisks
  A vampire (D:11)
  8 vampire mosquitoes
  2 steam dragons (D:8)
  A redback (Lair:3)
  Menkaure (D:7)
  5 swamp worms (Gauntlet)
  3 acid dragons
  Edmund (D:5)
  19 water moccasins
  6 orc warriors
  A black bear (D:9)
  4 ice beasts
  2 sky beasts
  6 ogres
  3 boggarts (Lair:5)
  43 wolves
  7 centaurs
  A phantom (D:5)
  6 kobold brigands
  5 gnoll sergeants
  12 bullfrogs
  4 scorpions
  8 wights
  17 killer bees
  A vampire bat (D:4)
  An electric eel (Lair:2)
  7 howler monkeys
  4 hounds
  4 jellies
  2 gnoll boudas
  4 orc priests
  3 iguanas
  7 orc wizards
  Ijyb (D:5)
  2 sleepcaps
  Robin (D:2)
  21 gnolls
  6 adders
  4 shadow imps (Gauntlet)
  A white imp (D:6)
  An ufetubus (D:4)
  2 dart slugs
  A worm (D:3)
  51 orcs
  3 bat skeletons (D:4)
  2 bat zombies (D:4)
  4 endoplasms
  3 giant cockroaches
  13 goblins
  11 hobgoblins
  4 jackals (D:3)
  5 quokkas
  6 ball pythons
  3 bats
  2 frilled lizards
  28 kobolds
  7 rats
594 creatures vanquished.

Vanquished Creatures (others)
  A basilisk (Lair:4)
1 creature vanquished.

Grand Total: 595 creatures vanquished

Notes
Turn   | Place    | Note
-------+----------+-------------------------------------------
     0 | D:1      | qw the Gargoyle Fighter began the quest for the Orb.
     0 | D:1      | Reached XP level 1. HP: 14/14 MP: 1/1
     0 | D:1      | 0 ||| qw: Version: 0.2-a-102-gdf20003
     0 | D:1      | 0 ||| qw: Game counter: 788
     0 | D:1      | 0 ||| qw: Always use a shield: true
     0 | D:1      | 0 ||| qw: God list: Okawaru
     0 | D:1      | 0 ||| qw: Allow faded altars: false
     0 | D:1      | 0 ||| qw: Do Orc after D:15 true
     0 | D:1      | 0 ||| qw: Do second Lair branch before Depths: true
     0 | D:1      | 0 ||| qw: Lair rune preference: random
     0 | D:1      | 0 ||| qw: Plans: Normal, Zot:1-4, Slime:5, God:TSO, Crypt,
                  | Tomb, Pan, Hells, Abyss, Win
     0 | D:1      | 0 ||| PLANNING D:1-11
    42 | D:1      | 42 ||| Stepping ~*~*~tactically~*~*~ (stealth).
    71 | D:1      | 71 ||| FLEEEEING.
    72 | D:1      | 72 ||| FLEEEEING.
    73 | D:1      | 73 ||| FLEEEEING.
    74 | D:1      | 74 ||| FLEEEEING.
    75 | D:1      | 75 ||| FLEEEEING.
    76 | D:1      | 76 ||| FLEEEEING.
    77 | D:1      | 77 ||| FLEEEEING.
    78 | D:1      | 78 ||| FLEEEEING.
    99 | D:1      | 99 ||| DROPPING +0 club.
   102 | D:1      | 102 ||| DROPPING +0 whip.
   117 | D:1      | Reached XP level 2. HP: 19/19 MP: 2/2
   122 | D:1      | 122 ||| Stepping ~*~*~tactically~*~*~ (stealth).
   527 | D:1      | 527 ||| DROPPING ring of magical power.
   528 | D:1      | 528 ||| READING scroll labelled CEFAQAXORO.
   533 | D:1      | 533 ||| READING scroll labelled UNOWKO XOYZO.
   534 | D:1      | 534 ||| READING scroll labelled LOMYOFA RULIACO.
   576 | D:2      | Reached skill level 3 in Axes
   576 | D:2      | Reached XP level 3. HP: 19/23 MP: 3/3
  1089 | D:2      | 1089 ||| Stepping ~*~*~tactically~*~*~ (hiding).
  1237 | D:2      | 1237 ||| Stepping ~*~*~tactically~*~*~ (stealth).
  1240 | D:2      | 1240 ||| Stepping ~*~*~tactically~*~*~ (stealth).
  1241 | D:2      | 1241 ||| Stepping ~*~*~tactically~*~*~ (stealth).
  1256 | D:2      | 1256 ||| Stepping ~*~*~tactically~*~*~ (hiding).
  1260 | D:2      | 1260 ||| Stepping ~*~*~tactically~*~*~ (stealth).
  1270 | D:2      | Reached XP level 4. HP: 24/28 MP: 4/4
  1290 | D:2      | Noticed Robin
  1292 | D:2      | 1292 ||| Stepping ~*~*~tactically~*~*~ (hiding).
  1300 | D:2      | Killed Robin
  1579 | D:2      | 1579 ||| UPGRADING to +2 pair of gloves.
  1584 | D:2      | 1584 ||| UPGRADING to +0 helmet.
  1589 | D:2      | 1589 ||| UPGRADING to amulet of regeneration.
  1594 | D:2      | 1594 ||| READING 2 scrolls labelled VOHOBO LETUS.
  1595 | D:2      | 1595 ||| READING scroll labelled NOUXAG IM WUN.
  1596 | D:2      | 1596 ||| READING 2 scrolls labelled FUNEOL TOUCUPP.
  1597 | D:2      | 1597 ||| READING scroll labelled YHUH LELUEXU.
  1598 | D:2      | 1598 ||| DRINKING 2 pink potions.
  1599 | D:2      | 1599 ||| DROPPING scroll of blinking.
  1600 | D:2      | 1600 ||| DROPPING scroll of immolation.
  1831 | D:3      | Found Ubescheki's Antique Armour Emporium.
  1853 | D:3      | 1853 ||| BUYING cloak (112 gold).
  1853 | D:3      | Bought a cloak for 112 gold pieces
  1853 | D:3      | 1853 ||| SHOPLISTING pair of glowing boots (187 gold, have
                  | 37).
  1853 | D:3      | 1853 ||| SHOPLISTING transparent chain mail (237 gold, have
                  | 37).
  1901 | D:3      | 1901 ||| Stepping ~*~*~tactically~*~*~ (stealth).
  1938 | D:3      | 1938 ||| Stepping ~*~*~tactically~*~*~ (stealth).
  1939 | D:3      | 1939 ||| Stepping ~*~*~tactically~*~*~ (stealth).
  2258 | D:3      | 2258 ||| UPGRADING to +4 chain mail.
  2268 | D:3      | 2268 ||| DROPPING +0 scale mail.
  2269 | D:3      | 2269 ||| UPGRADING to +0 cloak.
  2274 | D:3      | 2274 ||| READING scroll labelled BAEMEDE LOIN.
  2275 | D:3      | 2275 ||| READING scroll labelled BUFUMY KALL.
  2276 | D:3      | 2276 ||| DRINKING 2 bubbling brown potions.
  2357 | D:4      | Reached XP level 5. HP: 32/32 MP: 5/5
  2427 | D:4      | 2427 ||| Stepping ~*~*~tactically~*~*~ (stealth).
  2471 | D:4      | Reached XP level 6. HP: 38/38 MP: 6/6
  2528 | D:4      | 2528 ||| Stepping ~*~*~tactically~*~*~ (stealth).
  2613 | D:4      | Noticed Grinder
  2614 | D:4      | 2614 ||| Stepping ~*~*~tactically~*~*~ (hiding).
  2615 | D:4      | 2615 ||| Stepping ~*~*~tactically~*~*~ (hiding).
  2617 | D:4      | Paralysed by Grinder for 4 turns
  2622 | D:4      | 2622 ||| FLEEEEING.
  2623 | D:4      | 2623 ||| FLEEEEING.
  2624 | D:4      | 2624 ||| Stepping ~*~*~tactically~*~*~ (hiding).
  2628 | D:4      | Paralysed by Grinder for 2 turns
  2635 | D:4      | Killed Grinder
  2636 | D:4      | Reached XP level 7. HP: 39/44 MP: 7/7
  2645 | D:4      | 2645 ||| Stepping ~*~*~tactically~*~*~ (stealth).
  2755 | D:4      | Identified the +2 short sword of Earthquakes {spect, rC+
                  | Dex+3 SInv}
  2764 | D:4      | Noticed Eustachio
  2765 | D:4      | 2765 ||| Stepping ~*~*~tactically~*~*~ (stealth).
  2766 | D:4      | 2766 ||| Stepping ~*~*~tactically~*~*~ (stealth).
  2808 | D:4      | Killed Eustachio
  2809 | D:4      | Reached skill level 6 in Axes
  2901 | D:4      | Found an ancient bone altar of Kikubaaqudgha.
  2902 | D:4      | 2902 ||| Stepping ~*~*~tactically~*~*~ (stealth).
  2921 | D:4      | Reached skill level 1 in Dodging
  2939 | D:4      | 2939 ||| READING 2 scrolls labelled QOD MIPSOAVEAS.
  2940 | D:4      | 2940 ||| READING scroll of enchant armour.
  2940 | D:4      | 2940 ||| ENCHANTING +0 helmet.
  2941 | D:4      | 2941 ||| DRINKING 2 bubbling emerald potions.
  2942 | D:4      | 2942 ||| DRINKING 2 fizzy sapphire potions.
  2943 | D:4      | 2943 ||| READING 2 scrolls of identify.
  2943 | D:4      | 2943 ||| IDENTIFYING coppery potion
  2944 | D:4      | 2944 ||| DROPPING potion of degeneration.
  2945 | D:4      | 2945 ||| DROPPING potion of brilliance.
  2993 | D:5      | Entered Level 5 of the Dungeon
  3031 | D:5      | Reached XP level 8. HP: 50/50 MP: 8/8
  3054 | D:5      | Noticed Edmund
  3071 | D:5      | Killed Edmund
  3114 | D:5      | Found a hide-covered altar of Uskayaw.
  3135 | D:5      | Noticed Ijyb
  3136 | D:5      | 3136 ||| Stepping ~*~*~tactically~*~*~ (hiding).
  3138 | D:5      | 3138 ||| Stepping ~*~*~tactically~*~*~ (hiding).
  3149 | D:5      | Killed Ijyb
  3180 | D:5      | 3180 ||| DROPPING +0 whip of venom.
  3181 | D:5      | 3181 ||| READING scroll of enchant armour.
  3181 | D:5      | 3181 ||| ENCHANTING +1 helmet.
  3504 | D:6      | Found a broken altar of Ashenzari.
  3533 | D:6      | 3533 ||| Stepping ~*~*~tactically~*~*~ (hiding).
  3657 | D:6      | Reached skill level 6 in Fighting
  3740 | D:6      | Found an opulent altar of Gozag.
  3779 | D:6      | Found a staircase to the Ecumenical Temple.
  3780 | D:6      | 3780 ||| PLANNING TEMPLE
  3781 | D:6      | 3781 ||| Stepping ~*~*~tactically~*~*~ (stealth).
  3868 | D:6      | Reached XP level 9. HP: 52/55 MP: 9/9
  3911 | D:6      | 3911 ||| Stepping ~*~*~tactically~*~*~ (hiding).
  3964 | D:6      | 3964 ||| Stepping ~*~*~tactically~*~*~ (stealth).
  3978 | D:6      | Reached skill level 9 in Axes
  4095 | D:6      | Found Nezinlip's Weapon Boutique.
  4140 | D:6      | 4140 ||| READING scroll labelled CISU BIXTODO.
  4141 | D:6      | 4141 ||| READING scroll labelled HIOTISOUBO.
  4151 | D:6      | 4151 ||| DRINKING 2 dark potions.
  4152 | D:6      | 4152 ||| READING 3 scrolls of identify.
  4152 | D:6      | 4152 ||| IDENTIFYING brown potion
  4187 | Temple   | Entered the Ecumenical Temple
  4189 | Temple   | 4189 ||| PLANNING OKAWARU WORSHIP
  4311 | Temple   | Became a worshipper of Warmaster Okawaru
  4311 | Temple   | 4311 ||| PLANNING D:1-11
  4589 | D:7      | Reached skill level 4 in Shields
  4678 | D:7      | Noticed a hornet
  4682 | D:7      | Killed a hornet
  4683 | D:7      | Reached skill level 3 in Throwing
  4687 | D:7      | 4687 ||| Stepping ~*~*~tactically~*~*~ (stealth).
  4703 | D:7      | 4703 ||| Stepping ~*~*~tactically~*~*~ (stealth).
  4705 | D:7      | 4705 ||| Stepping ~*~*~tactically~*~*~ (hiding).
  4731 | D:7      | 4731 ||| Stepping ~*~*~tactically~*~*~ (stealth).
  4732 | D:7      | 4732 ||| Stepping ~*~*~tactically~*~*~ (stealth).
  4742 | D:7      | 4742 ||| Stepping ~*~*~tactically~*~*~ (hiding).
  4886 | D:7      | 4886 ||| UPGRADING to +6 ring of dexterity.
  4887 | D:7      | 4887 ||| DROPPING ring of wizardry.
  4890 | D:7      | Found a blossoming altar of Fedhas.
  4894 | D:7      | 4894 ||| Stepping ~*~*~tactically~*~*~ (hiding).
  5078 | D:7      | Reached * piety under Okawaru
  5103 | D:7      | 5103 ||| INVOKING Heroism.
  5110 | D:7      | Reached skill level 1 in Invocations
  5308 | D:7      | Found an ornate altar of the Wu Jian Council.
  5362 | D:7      | Noticed Menkaure
  5363 | D:7      | 5363 ||| INVOKING Heroism.
  5369 | D:7      | Killed Menkaure
  5550 | D:7      | 5550 ||| Stepping ~*~*~tactically~*~*~ (stealth).
  5552 | D:7      | 5552 ||| Stepping ~*~*~tactically~*~*~ (hiding).
  5632 | D:7      | 5632 ||| UPGRADING to +0 pair of boots.
  5746 | D:8      | 5746 ||| Stepping ~*~*~tactically~*~*~ (hiding).
  5773 | D:8      | Found a basalt altar of Yredelemnul.
  5815 | D:8      | Reached XP level 10. HP: 63/63 MP: 11/11
  5820 | D:8      | Reached skill level 3 in Invocations
  5825 | D:8      | Reached skill level 6 in Armour
  5853 | D:8      | Noticed a two-headed ogre
  5854 | D:8      | 5854 ||| INVOKING Heroism.
  5861 | D:8      | Killed a two-headed ogre
  5889 | D:8      | Reached ** piety under Okawaru
  5929 | D:8      | 5929 ||| Stepping ~*~*~tactically~*~*~ (hiding).
  5930 | D:8      | 5930 ||| Stepping ~*~*~tactically~*~*~ (stealth).
  5953 | D:8      | 5953 ||| Stepping ~*~*~tactically~*~*~ (stealth).
  5955 | D:8      | 5955 ||| Stepping ~*~*~tactically~*~*~ (hiding).
  5957 | D:8      | 5957 ||| INVOKING Heroism.
  6001 | D:8      | Noticed a centaur warrior
  6002 | D:8      | 6002 ||| Stepping ~*~*~tactically~*~*~ (stealth).
  6004 | D:8      | 6004 ||| Stepping ~*~*~tactically~*~*~ (hiding).
  6022 | D:8      | 6022 ||| INVOKING Heroism.
  6024 | D:8      | Killed a centaur warrior
  6076 | D:8      | 6076 ||| DROPPING +2 vampiric whip.
  6086 | D:8      | 6086 ||| Stepping ~*~*~tactically~*~*~ (stealth).
  6095 | D:8      | 6095 ||| INVOKING Heroism.
  6104 | D:8      | Reached skill level 5 in Shields
  6111 | D:8      | 6111 ||| Stepping ~*~*~tactically~*~*~ (hiding).
  6123 | D:8      | 6123 ||| INVOKING Heroism.
  6138 | D:8      | 6138 ||| Stepping ~*~*~tactically~*~*~ (stealth).
  6144 | D:8      | Noticed a cyclops
  6145 | D:8      | 6145 ||| Stepping ~*~*~tactically~*~*~ (hiding).
  6147 | D:8      | 6147 ||| Stepping ~*~*~tactically~*~*~ (hiding).
  6154 | D:8      | 6154 ||| INVOKING Heroism.
  6159 | D:8      | Killed a cyclops
  6160 | D:8      | Reached XP level 11. HP: 69/69 MP: 11/14
  6321 | D:8      | 6321 ||| SWAPPING to +4 war axe.
  6322 | D:8      | 6322 ||| DROPPING +1 war axe.
  6376 | D:8      | 6376 ||| Stepping ~*~*~tactically~*~*~ (stealth).
  6381 | D:8      | 6381 ||| Stepping ~*~*~tactically~*~*~ (stealth).
  6384 | D:8      | 6384 ||| Stepping ~*~*~tactically~*~*~ (stealth).
  6386 | D:8      | 6386 ||| INVOKING Heroism.
  6406 | D:8      | 6406 ||| INVOKING Heroism.
  6564 | D:8      | 6564 ||| Stepping ~*~*~tactically~*~*~ (hiding).
  6571 | D:8      | 6571 ||| Stepping ~*~*~tactically~*~*~ (hiding).
  6573 | D:8      | 6573 ||| Stepping ~*~*~tactically~*~*~ (hiding).
  6574 | D:8      | 6574 ||| Stepping ~*~*~tactically~*~*~ (hiding).
  6587 | D:8      | 6587 ||| Stepping ~*~*~tactically~*~*~ (hiding).
  6588 | D:8      | 6588 ||| Stepping ~*~*~tactically~*~*~ (hiding).
  7052 | D:8      | 7052 ||| DROPPING +1 hat.
  7053 | D:8      | 7053 ||| READING scroll labelled IDAXOA ZIHEOBB.
  7054 | D:8      | 7054 ||| READING scroll labelled GISTOSADID.
  7054 | D:8      | Identified a scroll of acquirement
  7054 | D:8      | 7054 ||| ACQUIRING +4 war axe of venom
  7054 | D:8      | Acquired a +4 war axe of venom
  7056 | D:8      | 7056 ||| SWAPPING to +4 war axe of venom.
  7057 | D:8      | 7057 ||| DROPPING +4 war axe.
  7058 | D:8      | 7058 ||| READING scroll labelled LEOXAL VUKOIR.
  7098 | D:9      | Found a staircase to the Lair.
  7098 | D:9      | Noticed a death yak
  7099 | D:9      | 7099 ||| INVOKING Heroism.
  7112 | D:9      | Killed a death yak
  7113 | D:9      | Reached skill level 3 in Dodging
  7253 | D:9      | 7253 ||| INVOKING Heroism.
  7276 | D:9      | Reached skill level 9 in Fighting
  7323 | D:9      | 7323 ||| Stepping ~*~*~tactically~*~*~ (hiding).
  7335 | D:9      | 7335 ||| READING scroll of enchant armour.
  7335 | D:9      | 7335 ||| ENCHANTING +0 pair of boots.
  7511 | D:9      | 7511 ||| INVOKING Heroism.
  7641 | D:9      | Reached *** piety under Okawaru
  7706 | D:9      | Found a staircase to the Orcish Mines.
  7707 | D:9      | 7707 ||| INVOKING Heroism.
  7729 | D:9      | Reached skill level 12 in Axes
  7738 | D:9      | 7738 ||| INVOKING Heroism.
  7764 | D:9      | 7764 ||| PLANNING LAIR
  7764 | D:9      | 7764 ||| UPGRADING to +1 kite shield of cold resistance.
  7774 | D:9      | 7774 ||| DROPPING +0 buckler.
  7800 | Lair:1   | Entered Level 1 of the Lair of Beasts
  7853 | Lair:1   | 7853 ||| INVOKING Heroism.
  7869 | Lair:1   | Noticed Gastronok
  7870 | Lair:1   | 7870 ||| INVOKING Heroism.
  7884 | Lair:1   | 7884 ||| INVOKING Heroism.
  7891 | Lair:1   | Killed Gastronok
  7892 | Lair:1   | Reached skill level 7 in Shields
  8056 | Lair:1   | 8056 ||| Stepping ~*~*~tactically~*~*~ (hiding).
  8057 | Lair:1   | 8057 ||| Stepping ~*~*~tactically~*~*~ (hiding).
  8065 | Lair:1   | Reached **** piety under Okawaru
  8066 | Lair:1   | Reached skill level 8 in Shields
  8066 | Lair:1   | Reached XP level 12. HP: 73/76 MP: 15/15
  8081 | Lair:1   | 8081 ||| Stepping ~*~*~tactically~*~*~ (stealth).
  8226 | Lair:1   | 8226 ||| Stepping ~*~*~tactically~*~*~ (stealth).
  8227 | Lair:1   | 8227 ||| Stepping ~*~*~tactically~*~*~ (stealth).
  8429 | Lair:1   | Noticed a catoblepas
  8430 | Lair:1   | 8430 ||| INVOKING Heroism.
  8441 | Lair:1   | Killed a catoblepas
  8603 | Lair:1   | 8603 ||| READING 4 scrolls of identify.
  8603 | Lair:1   | 8603 ||| IDENTIFYING puce potion
  8604 | Lair:1   | 8604 ||| DROPPING potion of flight.
  8659 | Lair:2   | 8659 ||| READING scroll of enchant armour.
  8659 | Lair:2   | 8659 ||| ENCHANTING +1 pair of boots.
  8674 | Lair:2   | 8674 ||| Stepping ~*~*~tactically~*~*~ (hiding).
  8681 | Lair:2   | Reached skill level 6 in Invocations
  8820 | Lair:2   | Found a dark tunnel.
  8858 | Lair:2   | Reached skill level 9 in Shields
  8875 | Lair:2   | 8875 ||| INVOKING Heroism.
  8974 | Lair:2   | 8974 ||| INVOKING Heroism.
  9170 | Lair:2   | 9170 ||| FLEEEEING.
  9290 | Lair:2   | 9290 ||| INVOKING Heroism.
  9299 | Lair:2   | 9299 ||| DRINKING potion of cancellation.
  9314 | Lair:2   | Received a gift from Okawaru
  9398 | Lair:2   | Noticed a skyshark
  9399 | Lair:2   | Reached skill level 10 in Shields
  9414 | Lair:2   | Killed a skyshark
  9436 | Lair:2   | Noticed an eight-headed hydra
  9437 | Lair:2   | 9437 ||| INVOKING Heroism.
  9443 | Lair:2   | 9443 ||| SWAPPING to +2 hand axe of flaming.
  9458 | Lair:2   | Killed a one-headed hydra
  9458 | Lair:2   | Reached ***** piety under Okawaru
  9459 | Lair:2   | 9459 ||| SWAPPING to +4 war axe of venom.
  9589 | Lair:2   | 9589 ||| INVOKING Heroism.
  9929 | Lair:2   | 9929 ||| UPGRADING to +5 ring of evasion.
  9930 | Lair:2   | 9930 ||| DROPPING +6 ring of intelligence.
  9931 | Lair:2   | 9931 ||| UPGRADING to +6 ring of strength.
  9933 | Lair:2   | 9933 ||| DROPPING +6 ring of dexterity.
 10108 | Lair:3   | 10108 ||| INVOKING Heroism.
 10135 | Lair:3   | Reached skill level 9 in Invocations
 10219 | Lair:3   | Reached XP level 13. HP: 80/80 MP: 19/19
 10226 | Lair:3   | 10226 ||| Stepping ~*~*~tactically~*~*~ (stealth).
 10329 | Lair:3   | Found a staircase to the Shoals.
 10397 | Lair:3   | Received a gift from Okawaru
 10431 | Lair:3   | 10431 ||| INVOKING Heroism.
 10432 | Lair:3   | 10432 ||| Stepping ~*~*~tactically~*~*~ (stealth).
 10437 | Lair:3   | 10437 ||| INVOKING Finesse.
 10550 | Lair:3   | 10550 ||| INVOKING Heroism.
 10678 | Lair:3   | 10678 ||| Stepping ~*~*~tactically~*~*~ (hiding).
 10679 | Lair:3   | 10679 ||| Stepping ~*~*~tactically~*~*~ (hiding).
 10680 | Lair:3   | 10680 ||| Stepping ~*~*~tactically~*~*~ (hiding).
 10681 | Lair:3   | 10681 ||| Stepping ~*~*~tactically~*~*~ (hiding).
 10700 | Lair:3   | 10700 ||| Stepping ~*~*~tactically~*~*~ (stealth).
 10702 | Lair:3   | 10702 ||| INVOKING Heroism.
 10716 | Lair:3   | Found a hole to the Spider Nest.
 11163 | Lair:4   | 11163 ||| STAIRDANCE
 11185 | Lair:4   | 11185 ||| STAIRDANCE
 11271 | Lair:4   | Reached skill level 11 in Shields
 11391 | Lair:4   | 11391 ||| READING scroll of enchant weapon.
 11391 | Lair:4   | 11391 ||| ENCHANTING +4 war axe of venom.
 11405 | Lair:4   | 11405 ||| INVOKING Heroism.
 11406 | Lair:4   | 11406 ||| INVOKING Finesse.
 11411 | Lair:4   | 11411 ||| SWAPPING to +2 hand axe of flaming.
 11415 | Lair:4   | 11415 ||| SWAPPING to +5 war axe of venom.
 11456 | Lair:4   | Found a runed translucent door.
 11457 | Lair:4   | Found a viscous altar of Jiyva.
 11460 | Lair:4   | Found a staircase to the Slime Pits.
 11697 | Lair:4   | Reached skill level 9 in Armour
 12212 | Lair:4   | 12212 ||| DROPPING +1 helmet.
 12213 | Lair:4   | 12213 ||| READING scroll labelled JEGGOU UTED.
 12214 | Lair:4   | 12214 ||| READING 10 scrolls of identify.
 12214 | Lair:4   | 12214 ||| IDENTIFYING lumpy inky potion
 12241 | Lair:5   | Entered Level 5 of the Lair of Beasts
 12242 | Lair:5   | 12242 ||| INVOKING Heroism.
 12244 | Lair:5   | 12244 ||| Stepping ~*~*~tactically~*~*~ (stealth).
 12305 | Lair:5   | 12305 ||| Stepping ~*~*~tactically~*~*~ (hiding).
 12347 | Lair:5   | 12347 ||| INVOKING Heroism.
 12352 | Lair:5   | Received a gift from Okawaru
 12363 | Lair:5   | 12363 ||| Stepping ~*~*~tactically~*~*~ (stealth).
 12364 | Lair:5   | 12364 ||| Stepping ~*~*~tactically~*~*~ (stealth).
 12366 | Lair:5   | 12366 ||| Stepping ~*~*~tactically~*~*~ (stealth).
 12372 | Lair:5   | 12372 ||| Stepping ~*~*~tactically~*~*~ (stealth).
 12375 | Lair:5   | 12375 ||| INVOKING Finesse.
 12388 | Lair:5   | 12388 ||| INVOKING Heroism.
 12443 | Lair:5   | 12443 ||| SWAPPING to +2 hand axe of flaming.
 12448 | Lair:5   | 12448 ||| SWAPPING to +5 war axe of venom.
 12457 | Lair:5   | Gained mutation: Your large and strong wings let you fly.
                  | [Gargoyle growth]
 12457 | Lair:5   | Reached XP level 14. HP: 88/88 MP: 18/21
 12498 | Lair:5   | 12498 ||| INVOKING Finesse.
 12505 | Lair:5   | 12505 ||| Stepping ~*~*~tactically~*~*~ (stealth).
 12518 | Lair:5   | 12518 ||| INVOKING Heroism.
 12574 | Lair:5   | 12574 ||| Stepping ~*~*~tactically~*~*~ (stealth).
 12577 | Lair:5   | 12577 ||| Stepping ~*~*~tactically~*~*~ (stealth).
 12634 | Lair:5   | 12634 ||| INVOKING Heroism.
 12675 | Lair:5   | Reached skill level 12 in Shields
 12685 | Lair:5   | Identified the amulet of Debroyh {Acrobat rF- Dex+7}
 12687 | Lair:5   | Identified the +1 robe of Compassion {-Tele rN+ Dex+4}
 12731 | Lair:5   | 12731 ||| Stepping ~*~*~tactically~*~*~ (stealth).
 12738 | Lair:5   | 12738 ||| INVOKING Heroism.
 12822 | Lair:5   | 12822 ||| INVOKING Heroism.
 12961 | Lair:5   | 12961 ||| INVOKING Heroism.
 13110 | Lair:5   | 13110 ||| INVOKING Heroism.
 13228 | Lair:5   | 13228 ||| READING scroll of acquirement.
 13228 | Lair:5   | 13228 ||| ACQUIRING +1 broad axe of venom
 13228 | Lair:5   | Acquired a +1 broad axe of venom
 13230 | Lair:5   | 13230 ||| SWAPPING to +1 broad axe of venom.
 13231 | Lair:5   | 13231 ||| DROPPING +5 war axe of venom.
 13515 | Lair:5   | 13515 ||| PLANNING D:1-11
 13515 | Lair:5   | 13515 ||| UPGRADING to +0 tower shield of poison
                  | resistance.
 13525 | Lair:5   | 13525 ||| DROPPING +1 kite shield of cold resistance.
 13605 | D:10     | Entered Level 10 of the Dungeon
 13700 | D:10     | Found a runed translucent gate.
 13700 | D:10     | Found a runed translucent gate.
 13700 | D:10     | Found a runed translucent gate.
 13703 | D:10     | Identified the +8 chain mail "Ziuriska" {Harm Rampage}
 13703 | D:10     | Noticed Hicwag's ghost (journeyman GrFi)
 13705 | D:10     | Identified the +11 mace of Dullness {vamp, Stlth+}
 13706 | D:10     | Noticed Maggie
 13707 | D:10     | 13707 ||| Stepping ~*~*~tactically~*~*~ (hiding).
 13709 | D:10     | 13709 ||| Stepping ~*~*~tactically~*~*~ (hiding).
 13720 | D:10     | Killed Maggie
 13804 | D:10     | Noticed Joseph
 13805 | D:10     | 13805 ||| Stepping ~*~*~tactically~*~*~ (hiding).
 13806 | D:10     | 13806 ||| Stepping ~*~*~tactically~*~*~ (hiding).
 13807 | D:10     | 13807 ||| Stepping ~*~*~tactically~*~*~ (hiding).
 13810 | D:10     | 13810 ||| Stepping ~*~*~tactically~*~*~ (hiding).
 13811 | D:10     | 13811 ||| Stepping ~*~*~tactically~*~*~ (hiding).
 13812 | D:10     | 13812 ||| Stepping ~*~*~tactically~*~*~ (hiding).
 13822 | D:10     | Killed Joseph
 14072 | D:10     | Noticed Urug
 14073 | D:10     | 14073 ||| INVOKING Heroism.
 14086 | D:10     | Killed Urug
 14154 | D:10     | Found a portal to a secret trove of treasure.
 14689 | D:11     | 14689 ||| INVOKING Heroism.
 14798 | D:11     | 14798 ||| Stepping ~*~*~tactically~*~*~ (stealth).
 14800 | D:11     | 14800 ||| INVOKING Heroism.
 14801 | D:11     | 14801 ||| READING 9 scrolls of teleportation.
 14879 | D:11     | 14879 ||| INVOKING Heroism.
 14884 | D:11     | Reached skill level 13 in Shields
 14919 | D:11     | 14919 ||| Stepping ~*~*~tactically~*~*~ (stealth).
 14920 | D:11     | 14920 ||| Stepping ~*~*~tactically~*~*~ (stealth).
 14925 | D:11     | 14925 ||| INVOKING Heroism.
 14926 | D:11     | 14926 ||| READING 8 scrolls of teleportation.
 15218 | D:11     | 15218 ||| PLANNING D
 15218 | D:11     | 15218 ||| DROPPING ring of ice.
 15249 | D:12     | 15249 ||| PLANNING GAUNTLET
 15370 | D:12     | 15370 ||| Stepping ~*~*~tactically~*~*~ (hiding).
 15377 | D:12     | 15377 ||| DRINKING 8 potions of curing.
 15377 | D:12     | 15377 ||| (to cure confusion)
 15437 | D:12     | 15437 ||| Stepping ~*~*~tactically~*~*~ (stealth).
 15521 | D:12     | 15521 ||| INVOKING Heroism.
 15609 | D:12     | Found the +3 Elemental Staff {rElec rF+ rC+ AC+3}
 15610 | D:12     | Found a gate leading to a gauntlet.
 15611 | D:12     | 15611 ||| DRINKING 2 lumpy brown potions.
 15654 | D:12     | 15654 ||| READING 14 scrolls of identify.
 15654 | D:12     | 15654 ||| IDENTIFYING yellow potion
 15655 | D:12     | 15655 ||| DROPPING potion of berserk rage.
 15664 | Gauntlet | Entered a Gauntlet
 15664 | Gauntlet | Found a transporter.
 15678 | Gauntlet | Found a transporter.
 15688 | Gauntlet | Found a transporter.
 15693 | Gauntlet | Found a transporter.
 15712 | Gauntlet | Found a transporter.
 15730 | Gauntlet | Found a transporter.
 15740 | Gauntlet | Noticed a dire elephant
 15742 | Gauntlet | Found a transporter.
 15751 | Gauntlet | Found a transporter.
 15760 | Gauntlet | Found a transporter.
 15760 | Gauntlet | Found a transporter.
 15779 | Gauntlet | Found a transporter.
 15787 | Gauntlet | Found a transporter.
 15787 | Gauntlet | Found a transporter.
 15810 | Gauntlet | Found a transporter.
 15827 | Gauntlet | Found a transporter.
 15846 | Gauntlet | Found a transporter.
 15871 | Gauntlet | Found a transporter.
 15889 | Gauntlet | Found a transporter.
 16051 | Gauntlet | 16051 ||| INVOKING Heroism.
 16075 | Gauntlet | Identified the staff of earth "Jepnulost" {*Slow rPois
                  | Dex+2 Stlth+}
 16118 | Gauntlet | 16118 ||| READING 13 scrolls of identify.
 16118 | Gauntlet | 16118 ||| IDENTIFYING purple potion
 16135 | Gauntlet | 16135 ||| INVOKING Heroism.
 16155 | Gauntlet | Identified the +0 helmet "Gyfollegh" {Int+5}
 16157 | Gauntlet | 16157 ||| DROPPING +0 helmet "Gyfollegh" {Int+5}.
 16172 | Gauntlet | Identified the +7 rapier "Koexil" {holy, *Rage rElec Str+4
                  | Int+3}
 16173 | Gauntlet | 16173 ||| Stepping ~*~*~tactically~*~*~ (hiding).
 16174 | Gauntlet | 16174 ||| INVOKING Heroism.
 16184 | Gauntlet | Reached skill level 14 in Shields
 16224 | D:12     | 16224 ||| PLANNING D
 16683 | D:13     | 16683 ||| INVOKING Heroism.
 16684 | D:13     | Noticed a thorn hunter
 16685 | D:13     | 16685 ||| Stepping ~*~*~tactically~*~*~ (hiding).
 16687 | D:13     | 16687 ||| SWAPPING to +2 hand axe of flaming.
 16694 | D:13     | 16694 ||| SWAPPING to +1 broad axe of venom.
 16704 | D:13     | Killed a thorn hunter
 16705 | D:13     | 16705 ||| SWAPPING to +2 hand axe of flaming.
 16711 | D:13     | Reached XP level 15. HP: 78/94 MP: 22/22
 16711 | D:13     | 16711 ||| SWAPPING to +1 broad axe of venom.
 16729 | D:13     | Found the +1 robe of Vines {NoPotionHeal Regen++++}
 16731 | D:13     | 16731 ||| Stepping ~*~*~tactically~*~*~ (stealth).
 16732 | D:13     | 16732 ||| Stepping ~*~*~tactically~*~*~ (stealth).
 16735 | D:13     | 16735 ||| INVOKING Heroism.
 16737 | D:13     | 16737 ||| SWAPPING to +2 hand axe of flaming.
 16745 | D:13     | 16745 ||| SWAPPING to +1 broad axe of venom.
 16754 | D:13     | 16754 ||| SWAPPING to +2 hand axe of flaming.
 16758 | D:13     | 16758 ||| SWAPPING to +1 broad axe of venom.
 16829 | D:13     | 16829 ||| Stepping ~*~*~tactically~*~*~ (stealth).
 17002 | D:13     | 17002 ||| Stepping ~*~*~tactically~*~*~ (stealth).
 17136 | D:13     | 17136 ||| UPGRADING to +1 robe of Vines {NoPotionHeal
                  | Regen++++}.
 17146 | D:13     | 17146 ||| DROPPING +4 chain mail.
 17175 | D:14     | Reached skill level 15 in Shields
 17188 | D:14     | 17188 ||| READING scroll of enchant armour.
 17188 | D:14     | 17188 ||| ENCHANTING +0 cloak.
 17195 | D:14     | 17195 ||| INVOKING Heroism.
 17221 | D:14     | Identified the +3 sling "Fugos" {drain, rN+++ Will- rCorr
                  | SInv}
 17270 | D:14     | 17270 ||| Stepping ~*~*~tactically~*~*~ (stealth).
 17272 | D:14     | 17272 ||| Stepping ~*~*~tactically~*~*~ (stealth).
 17274 | D:14     | 17274 ||| Stepping ~*~*~tactically~*~*~ (stealth).
 17281 | D:14     | 17281 ||| INVOKING Heroism.
 17303 | D:14     | 17303 ||| Stepping ~*~*~tactically~*~*~ (stealth).
 17308 | D:14     | 17308 ||| Stepping ~*~*~tactically~*~*~ (stealth).
 17310 | D:14     | 17310 ||| Stepping ~*~*~tactically~*~*~ (stealth).
 17392 | D:14     | 17392 ||| Stepping ~*~*~tactically~*~*~ (stealth).
 17393 | D:14     | 17393 ||| Stepping ~*~*~tactically~*~*~ (stealth).
 17395 | D:14     | 17395 ||| Stepping ~*~*~tactically~*~*~ (stealth).
 17464 | D:14     | Received a gift from Okawaru
 17465 | D:14     | Reached skill level 16 in Shields
 17689 | D:14     | 17689 ||| Stepping ~*~*~tactically~*~*~ (stealth).
 17713 | D:14     | Found a gate to the Vaults.
 17748 | D:15     | Entered Level 15 of the Dungeon
 17765 | D:15     | 17765 ||| Stepping ~*~*~tactically~*~*~ (stealth).
 17775 | D:15     | 17775 ||| INVOKING Heroism.
 17827 | D:15     | Reached skill level 6 in Throwing
 17846 | D:15     | 17846 ||| FLEEEEING.
 17847 | D:15     | 17847 ||| FLEEEEING.
 17848 | D:15     | 17848 ||| FLEEEEING.
 17849 | D:15     | 17849 ||| INVOKING Heroism.
 17857 | D:15     | Paralysed by an orc sorcerer for 5 turns
 17870 | D:15     | Killed from afar by an ice dragon

Levels and vault maps discovered:
D:1:      tarquinn_simple_flora_water_f, layout_rooms, glass_columns_b
D:2:      layout_basic, serial_co_window_serial, co_window_corner_a,
          co_window_corner_a, co_window_of_opportunity_a, co_window_paths_a,
          co_window_cross_1, co_window_paths_a, co_window_paths_b,
          co_window_broadway_c, co_window_of_opportunity_b, co_window_2corner,
          glass_columns_b, glass_columns_c, glass_columns_b, glass_columns_b,
          glass_columns_a, uniq_robin
D:3:      layout_loops_ring, serial_shops, shop_coins
D:4:      layout_gridville, kennysheep_vampire_church, uniq_eustachio,
          uniq_grinder
D:5:      layout_rooms, lemuel_round_altar, uniq_edmund, uniq_ijyb
D:6:      layout_loops_ring, nicolae_gozag_cash_rules_everything_around_me,
          nicolae_ashenzari_panopticon, temple_pool_b, serial_shops,
          nicolae_shop_stone, minmay_door_square
D:7:      layout_loops_ring, nzn_wu_jian_council_hall,
          mainiacjoe_overflow_catwalk, enter_bailey_2, corner_web_ring,
          uniq_menkaure
D:8:      nzn_winding_woodlands_cross [nzn_winding_woodlands_5x15_pockets,
          nzn_winding_woodlands_5x15_crooked, nzn_winding_woodlands_5x15_cabin,
          nzn_winding_woodlands_5x15_pathside_ponds,
          nzn_winding_woodlands_15x15_five_gardens], layout_basic,
          lemuel_doored_altar
D:9:      layout_roguey, david_lair_generic,
          kennysheep_orc_monster_closet_entryway
D:10:     layout_gridville, nicolae_trove_entry_columns, serial_rivers,
          chequers_serial_rivers_small_b, chequers_serial_rivers_large_a,
          chequers_serial_rivers_small_a, chequers_serial_rivers_micro_a,
          chequers_serial_rivers_micro_d, biasface_ghost_orc_armoury,
          uniq_maggie, uniq_joseph, uniq_urug
D:11:     layout_roguey, minmay_holes
D:12:     layout_basic, gauntlet_entry_generic
D:13:     layout_roguey, hellmonk_guarded_unrand_vines
D:14:     layout_roguey, david_vaults_2
D:15:     grunt_enter_depths_hoard, layout_cross, chequers_serial_rivers_room_a
Temple:   regret_index_temple_waves
Lair:1:   layout_regular_city, serial_bayou_shore_b, uniq_gastronok
Lair:2:   layout_gridlike, nicolae_volcano_entry_hallway,
          hangedman_lair_generics_rect, serial_bayou_shore_a
Lair:3:   layout_cave_pods, minmay_shoals_entry_lonely_mermaid,
          spider_nest_entry_funnel_web, beast_lair_carwin_7
Lair:4:   layout_cave_pods, slime_entry_2, grunt_forest_small_clearings
Lair:5:   minmay_lair_end_enchanted_forest, layout_hall_layers

Skill      XL: |  1  2  3  4  5  6  7  8  9 10 11 12 13 14 15 |
---------------+----------------------------------------------+-----
Axes           | 2 3 4 5 6 8 9 10 12 14 | 14.9
Throwing       | 2 3 4 6 |  6.0
Fighting       | 5 6 7 8 9 10 11 | 11.0
Dodging        | 1 2 3 |  3.0
Armour         | 4 5 6 7 8 9 |  9.0
Shields        | 4 5 8 10 11 14 16 | 16.0
Invocations    | 2 4 9 10 | 10.0

Action                     |  1- 3 |  4- 6 |  7- 9 | 10-12 | 13-15 || total
---------------------------+-------+-------+-------+-------+-------++-------
  Melee: War axe           |    98 |   110 |   338 |   495 |   505 ||  1546
         Hand axe          |       |       |       |    15 |    28 ||    43
         Broad axe         |       |       |       |       |   443 ||   443
  Throw: Boomerang         |    12 |    15 |     3 |    16 |    67 ||   113
         Javelin           |       |    18 |    47 |    63 |    78 ||   206
 Invoke: Heroism           |       |       |     2 |    23 |    28 ||    53
         Finesse           |       |       |       |       |     4 ||     4
    Use: Scroll            |     3 |     6 |     7 |     6 |     9 ||    31
         Potion            |       |     2 |     3 |     1 |     2 ||     8
   Stab: Petrified         |       |       |       |       |     2 ||     2
         Distracted        |       |       |       |       |     1 ||     1
         Petrifying        |       |       |       |       |     1 ||     1
 Armour: Scale mail        |    50 |    25 |       |       |       ||    75
         Chain mail        |       |    59 |   268 |   295 |   313 ||   935
         Robe              |       |       |       |       |    66 ||    66
  Dodge: Dodged            |    43 |    50 |   133 |   192 |   349 ||   767
  Block: Buckler           |    16 |    26 |    83 |    84 |       ||   209
         Kite shield       |       |       |       |   126 |   220 ||   346
         Tower shield      |       |       |       |       |   369 ||   369

Table legend:
 A = Non-vault XP
 B = Vault XP
 C = Vault XP percentage of total XP
 D = Non-vault monster count
 E = Vault monster count
 F = Vault count percentage of total count
                 A         B        C        D         E       F
            +---------+---------+-------+---------+---------+-------
      Total |   73590 |   35750 |  32.7 |     428 |     167 |  28.1
            +---------+---------+-------+---------+---------+-------
        D:1 |      29 |       0 |   0.0 |      19 |       0 |   0.0
        D:2 |      48 |      38 |  44.2 |      16 |      13 |  44.8
        D:3 |      35 |       0 |   0.0 |      18 |       0 |   0.0
        D:4 |     328 |     527 |  61.6 |      17 |       8 |  32.0
        D:5 |     470 |     193 |  29.1 |      17 |       2 |  10.5
        D:6 |    1003 |       0 |   0.0 |      23 |       0 |   0.0
        D:7 |    1614 |     175 |   9.8 |      30 |       1 |   3.2
        D:8 |    1502 |    4597 |  75.4 |      41 |      24 |  36.9
        D:9 |    2154 |    2785 |  56.4 |      21 |      24 |  53.3
       D:10 |    2057 |    1665 |  44.7 |      12 |       3 |  20.0
       D:11 |    2604 |       0 |   0.0 |      12 |       0 |   0.0
       D:12 |    4604 |       0 |   0.0 |      23 |       0 |   0.0
       D:13 |    5800 |    3944 |  40.5 |      21 |       4 |  16.0
       D:14 |   11429 |    1169 |   9.3 |      24 |       3 |  11.1
       D:15 |    5241 |       0 |   0.0 |      14 |       0 |   0.0
     Lair:1 |    4344 |    1440 |  24.9 |      23 |       1 |   4.2
     Lair:2 |    5635 |    3407 |  37.7 |      26 |       8 |  23.5
     Lair:3 |    8526 |    3430 |  28.7 |      20 |      17 |  45.9
     Lair:4 |    4039 |       0 |   0.0 |      15 |       0 |   0.0
     Lair:5 |   12128 |    9474 |  43.9 |      36 |      47 |  56.6
   Gauntlet |       0 |    2906 | 100.0 |       0 |      12 | 100.0
            +---------+---------+-------+---------+---------+-------
